[Event "*** Titled Tuesday Blitz"]
[Site "Chess.com"]
[Date "2020.04.07"]
[Round "2"]
[White "GHANDEEVAM2003"]
[Black "BogdanDeac"]
[Result "1-0"]
[WhiteElo "2971"]
[BlackElo "2601"]
[TimeControl "180+1"]
[EndTime "13:16:57 PDT"]
[Termination "GHANDEEVAM2003 won by resignation"]

1. Nf3 d5 2. c4 e6 3. d4 Nf6 4. g3 Be7 5. Bg2 O-O 6. O-O dxc4 7. Ne5 Nc6 8. Nxc6 bxc6 9. Na3 Bxa3 10. bxa3 Ba6 11. Qa4 Bb5 12. Qa5 c3 13. Qxc3 Bxe2 14. Re1 Bb5 15. a4 Bxa4 16. Qb4 Bb5 17. a4 Ba6 18.
Ba3 Re8 19. Bxc6 Rb8 20. Qc5 Nd5 21. Qxa7 Bd3 22. Rad1 Bg6 23. Qc5 h6 24. a5 Re7 25.
Bxd5 1-0

[Event "*** Titled Tuesday Blitz"]
[Site "Chess.com"]
[Date "2020.04.07"]
[Round "2"]
[White "MisaPap"]
[Black "pedroholly22"]
[Result "0-1"]
[WhiteElo "2660"]
[BlackElo "2331"]
[TimeControl "180+1"]
[EndTime "13:16:57 PDT"]
[Termination "pedroholly22 won by resignation"]

1. e4 c5 2. c3 d6 3. d4 Nf6 4. Bd3 g6 5. dxc5 dxc5 6. e5 Nfd7 7. f4 Bg7 8. Nf3 O-O 9. O-O Nb6 10. Qe2 Nc6 11. Na3 a6 12. Be4 Qc7 13. Be3 Bg4 14. h3 Bxf3 15. Qxf3 Rac8 16. Rad1 Na4 17. Rd2 b5 18.
Rfd1 Rfd8 19. Bxc6 Rxd2 20. Rxd2 Qxc6 21. Rd8+ Bf8 22.
Qxc6 Rxc6 23. f5 gxf5 24. c4 Nxb2 25. cxb5 axb5 26. Nxb5 Kg7 27. Nc3 Nc4 28. Bf4 e6 29.
Ne2 Be7 30. Ng3 Bxd8 0-1

[Event "*** Titled Tuesday Blitz"]
[Site "Chess.com"]
[Date "2020.04.07"]
[Round "2"]
[White "DanielRensch"]
[Black "GreatDamnedRedSpot"]
[Result "1-0"]
[WhiteElo "2524"]
[BlackElo "2290"]
[TimeControl "180+1"]
[EndTime "13:16:58 PDT"]
[Termination "DanielRensch won on time"]

1. e4 e6 2. d4 d5 3. Nc3 dxe4 4.
Nxe4 Bd7 5. Nf3 Bc6 6. Ng3 Nd7 7. Be2 Ngf6 8. O-O Be7 9. c4 Bxf3 10. Bxf3 c6 11.
b4 O-O 12. Rb1 Nb6 13. Qd3 a6 14. Rd1 Qc7 15. c5 Nbd5 16. Ne4 Rfd8 17. g3 Nxe4 18.
Bxe4 g6 19. a4 Bf6 20. b5 axb5 21. axb5 Ne7 22. Be3 Ra4 23. Qb3 Qa5 24. bxc6 bxc6 25. Qb7 Nf5 26. Bxc6 Nxe3 27. fxe3 Ra3 28. Rf1 1-0

[Event "*** Titled Tuesday Blitz"]
[Site "Chess.com"]
[Date "2020.04.07"]
[Round "2"]
[White "Olga_Girya"]
[Black "TheBigBoss04"]
[Result "1-0"]
[WhiteElo "2550"]
[BlackElo "2789"]
[TimeControl "180+1"]
[EndTime "13:16:59 PDT"]
[Termination "Olga_Girya won by resignation"]

1. d4 g6 2. e4 Bg7 3. Nf3 c6 4. Bd3 d5 5. e5 Bg4 6. Nbd2 c5 7. c3 Nc6 8. O-O e6 9. h3 Bxf3 10. Nxf3 c4 11. Bc2 Nge7 12. Nh2 h5 13. Bg5 Qd7 14.
b3 b5 15. a4 cxb3 16. Bxb3 b4 17. cxb4 Nxb4 18. a5 Nec6 19. Qd2 Rc8 20. Ba4 O-O 21.
Qxb4 Nxb4 22. Bxd7 Rc7 23. Be7 Rxd7 24. Bxb4 Rc8 25.
Rfc1 Rdc7 26. Rxc7 Rxc7 27. Nf3 Rc4 28. Bc5 a6 29.
Rb1 Bh6 30. Rb8+ Kh7 31. Ra8 g5 32. g4 Rc3 33. Kg2 hxg4 34. hxg4 Ra3 35. Rxa6 1-0

[Event "*** Titled Tuesday Blitz"]
[Site "Chess.com"]
[Date "2020.04.07"]
[Round "2"]
[White "HansCoolNiemann"]
[Black "RitvarsReimanis"]
[Result "1-0"]
[WhiteElo "2936"]
[BlackElo "2595"]
[TimeControl "180+1"]
[EndTime "13:17:01 PDT"]
[Termination "HansCoolNiemann won by checkmate"]

1. Nf3 Nf6 2. c4 e6 3. b3 d5 4. Bb2 Be7 5. Rg1 O-O 6. g4 Ne4 7. Qc2 Bf6 8. d3 Bxb2 9. Qxb2 Qf6 10. Qxf6 Nxf6 11. g5 Nfd7 12. Nc3 c6 13. h4 b6 14. h5 Bb7 15. g6 hxg6 16. hxg6 fxg6 17. Rxg6 Rf6 18.
Rxf6 gxf6 19. Bh3 Kf7 20. Nd4 f5 21. Kd2 Na6 22. cxd5 cxd5 23. Ncb5 Kf6 24. f4 Nb4 25. Rc1 Nxa2 26. Rc7 Nc5 27. Nd6 Ba6 28. Rf7+ Kg6 29. Nxe6 Nxe6 30. Bxf5+ Kh5 31. Rh7# 1-0

[Event "*** Titled Tuesday Blitz"]
[Site "Chess.com"]
[Date "2020.04.07"]
[Round "2"]
[White "BobSacIt"]
[Black "LiderChessAcademy"]
[Result "0-1"]
[WhiteElo "2181"]
[BlackElo "2451"]
[TimeControl "180+1"]
[EndTime "13:17:03 PDT"]
[Termination "LiderChessAcademy won by resignation"]

1. e4 c6 2. d4 d5 3. exd5 cxd5 4. Bd3 Nc6 5. c3 Nf6 6. Bf4 Bg4 7. Qb3 Qc8 8. Nd2 e6 9. Ngf3 Be7 10. O-O O-O 11.
Rfe1 Bh5 12. Ne5 Nxe5 13. Bxe5 Bg6 14. Bxg6 hxg6 15. Nf3 Ne4 16. Qc2 b5 17. a3 a5 18.
Nd2 Nd6 19. Bxd6 Bxd6 20. Re3 Qc7 21. g3 Rfc8 22. Qd3 Rab8 23. b4 a4 24. f4 Rb6 25.
Rc1 Qb7 26. Rf3 Rbc6 27. h4 Be7 28. Nf1 Bf6 29. Ne3 Qb6 30. Ng4 Bxd4+ 0-1

[Event "*** Titled Tuesday Blitz"]
[Site "Chess.com"]
[Date "2020.04.07"]
[Round "2"]
[White "FrankieJay"]
[Black "DrMelekess"]
[Result "0-1"]
[WhiteElo "2410"]
[BlackElo "2713"]
[TimeControl "180+1"]
[EndTime "13:17:06 PDT"]
[Termination "DrMelekess won by resignation"]

1. e4 Nc6 2. Nf3 d5 3. exd5 Qxd5 4. Nc3 Qa5 5. Bb5 Bd7 6. O-O a6 7. Bc4 Qh5 8. h3 O-O-O 9. d3 e6 10. Bf4 Bd6 11.
Bxd6 cxd6 12. Re1 Nf6 13. Qd2 h6 14. Qf4 Be8 15. Ne4 Nxe4 16. dxe4 g5 17. Qf6 Rg8 18.
Nh2 Qg6 19. Qxg6 Rxg6 20. Rad1 h5 21. Be2 Rh6 22. Nf3 g4 23. hxg4 hxg4 24. Nd4 Ne5 25. Bf1 Bc6 26. Rd2 Rdh8 27. f4 g3 0-1

[Event "*** Titled Tuesday Blitz"]
[Site "Chess.com"]
[Date "2020.04.07"]
[Round "2"]
[White "anon132639"]
[Black "MaxLeto"]
[Result "1-0"]
[WhiteElo "2616"]
[BlackElo "2322"]
[TimeControl "180+1"]
[EndTime "13:17:06 PDT"]
[Termination "anon132639 won by resignation"]

1. d4 g6 2. c4 Bg7 3. Nf3 d6 4.
Nc3 Nc6 5. g3 e5 6. dxe5 Nxe5 7.
Nxe5 Bxe5 8. Bg2 h5 9. h4 c6 10.
O-O Be6 11. Ne4 f5 12. Bg5 Qd7 13. f4 fxe4 14. fxe5 d5 15. cxd5 cxd5 16. Rc1 Ne7 17. Rf6 Rf8 18. Qb3 Rf7 19. Rcf1 Kf8 20. Bxe4 dxe4 21.
Rxf7+ 1-0

[Event "*** Titled Tuesday Blitz"]
[Site "Chess.com"]
[Date "2020.04.07"]
[Round "2"]
[White "tgpgoat"]
[Black "Alex_Terzi"]
[Result "0-1"]
[WhiteElo "2050"]
[BlackElo "2407"]
[TimeControl "180+1"]
[EndTime "13:17:07 PDT"]
[Termination "Alex_Terzi won by resignation"]

1. e4 c5 2. Nf3 Nc6 3. d4 cxd4 4. Nxd4 g6 5. Be3 Nf6 6. Nc3 Bg7 7. Bc4 O-O 8. f3 Qb6 9. Bb3 Nxe4 10. fxe4 Bxd4 11. Bxd4 Qxd4 12. Qxd4 Nxd4 13. O-O-O Nc6 14. Nd5 Rb8 15. Rhf1 d6 16. Ba4 b5 17. Bb3 Be6 18. Nf4 Bxb3 19. cxb3 Ne5 20. Nd3 Rfc8+ 21. Kb1 Ng4 22. Rf3 Nxh2 23.
Rg3 h5 24. Nf4 Ng4 25. Nd5 Kf8 26. Rf1 Rb7 27. Nf4 Kg7 28. Nd3 Rbc7 29. Rgf3 e6 30. a3 Nh2 31. R3f2 Nxf1 32. Rxf1 Rc2 33. e5 Rd2 34. Nb4 dxe5 0-1

[Event "*** Titled Tuesday Blitz"]
[Site "Chess.com"]
[Date "2020.04.07"]
[Round "2"]
[White "MFguimaraes"]
[Black "guilhermedeola"]
[Result "1-0"]
[WhiteElo "2407"]
[BlackElo "2042"]
[TimeControl "180+1"]
[EndTime "13:17:07 PDT"]
[Termination "MFguimaraes won on time"]

1. e4 e5 2. Nf3 Nc6 3. Bc4 Nf6 4.
Ng5 d5 5. exd5 Na5 6. Bb5+ c6 7. dxc6 bxc6 8. Qf3 Bd7 9. Bd3 h6 10. Ne4 Be7 11. Nbc3 Qc8 12. Nxf6+ Bxf6 13. h3 Nb7 14. Ba6 Qc7 15. Nb5 Qb8 16. Bxb7 O-O 17. Bxa8 Qxa8 18.
Nc3 Re8 19. d3 Qb7 20. O-O Qc8 21. Bxh6 Bf5 22. Ne4 Bxe4 23. dxe4 gxh6 24. Qxf6 Qe6 25. Qxe6 Rxe6 26. Rfd1 Kg7 27. Rd7 a6 28. Rad1 Kf6 29. R1d6 1-0

[Event "*** Titled Tuesday Blitz"]
[Site "Chess.com"]
[Date "2020.04.07"]
[Round "2"]
[White "Olga_Zhuravleva"]
[Black "MasterKroket"]
[Result "0-1"]
[WhiteElo "2217"]
[BlackElo "2467"]
[TimeControl "180+1"]
[EndTime "13:17:10 PDT"]
[Termination "MasterKroket won by resignation"]

1. e4 c5 2. Nf3 e6 3. d4 cxd4 4. Nxd4 Nc6 5. Nc3 Qc7 6. f4 Nxd4 7. Qxd4 b6 8. Qd1 Bb7 9. Bd3 Bc5 10. Qg4 Ne7 11. Qg3 h5 12. Be3 h4 13. Qf3 f5 14.
Bxc5 Qxc5 15. Qf2 Qb4 16. O-O-O fxe4 17. Bb5 Nd5 18. a3 Qa5 19. Nxe4 O-O 20. Bd3 Rxf4 21. Qe2 Raf8 22. Rhf1 Rxf1 23. Rxf1 Nf4 24. Qf3 Nxd3+ 25.
Qxd3 Rxf1+ 26. Qxf1 Bxe4 0-1

[Event "*** Titled Tuesday Blitz"]
[Site "Chess.com"]
[Date "2020.04.07"]
[Round "2"]
[White "Mops_2004"]
[Black "donotreadit"]
[Result "1-0"]
[WhiteElo "2533"]
[BlackElo "2732"]
[TimeControl "180+1"]
[EndTime "13:17:13 PDT"]
[Termination "Mops_2004 won by resignation"]

1. Nf3 d5 2. g3 Nd7 3. Bg2 e5 4. d3 Bd6 5. O-O Ngf6 6. Nc3 O-O 7. e4 d4 8. Ne2 c5 9. a4 b6 10. h3 Bb7 11. Nh2 c4 12. f4 cxd3 13. cxd3 Rc8 14. f5 Qc7 15. Rf3 Qc2 16. Qf1 Nc5 17. Bg5 Nxd3 18. Bxf6 gxf6 19. Ng4 Be7 20. Nxd4 exd4 21.
Qxd3 Bxe4 22. Qxc2 Rxc2 23. Rf2 Rxf2 24. Kxf2 Bxf5 25.
Nh6+ Kh8 26. Nxf5 Bc5 27. Ke2 h5 28. Bf3 Kh7 29. Bxh5 Re8+ 30. Kd3 Re5 31. g4 Kg8 32. a5 Kf8 33. axb6 Bxb6 34. Rc1 Ke8 35. Rc8+ Kd7 36.
Rf8 Rb5 37. Rxf7+ Ke6 38. Re7+ Kd5 39. Bf7+ Kc6 40. Be8+ 1-0

[Event "*** Titled Tuesday Blitz"]
[Site "Chess.com"]
[Date "2020.04.07"]
[Round "2"]
[White "MiroMiljkovic"]
[Black "vladislavkovalev"]
[Result "1-0"]
[WhiteElo "2601"]
[BlackElo "2887"]
[TimeControl "180+1"]
[EndTime "13:17:14 PDT"]
[Termination "MiroMiljkovic won by resignation"]

1. d4 Nf6 2. Nf3 g6 3. Bg5 Bg7 4. Nbd2 O-O 5. c3 d6 6. a4 c5 7. e3 Nc6 8. Be2 b6 9. O-O Bb7 10. Re1 a6 11. Bh4 Rb8 12. h3 Re8 13. Qc2 Rc8 14. Rad1 Na5 15. Qb1 d5 16. Ne5 Nc6 17.
Bg3 e6 18. b4 cxb4 19. cxb4 Nxe5 20. Bxe5 Nd7 21. Bxg7 Kxg7 22. Rc1 Qe7 23. Qb2 Qd6 24. a5 b5 25. Rc5 Nxc5 26. dxc5+ 1-0

[Event "*** Titled Tuesday Blitz"]
[Site "Chess.com"]
[Date "2020.04.07"]
[Round "2"]
[White "StockholmMissile"]
[Black "AtabayevSaparmyrat"]
[Result "1-0"]
[WhiteElo "2390"]
[BlackElo "2846"]
[TimeControl "180+1"]
[EndTime "13:17:14 PDT"]
[Termination "StockholmMissile won by checkmate"]

1. d4 d5 2. c4 e6 3. Nf3 Nf6 4. Bg5 Be7 5. e3 O-O 6. Qc2 h6 7. Bxf6 Bxf6 8. h4 c6 9. g4 Be7 10. g5 h5 11. g6 f6 12. Be2 Nd7 13. Nc3 dxc4 14. Bxc4 Nb6 15. Bb3 Nd5 16. Qe2 Qe8 17. Bc2 Bb4 18. Nd2 f5 19. Nxd5 Bxd2+ 20. Kxd2 exd5 21. Qxh5 Rf6 22. Qh7+ Kf8 23. Qh8+ Ke7 24. Qxg7+ Ke6 25. h5 Bd7 26. Rag1 Qd8 27. h6 Qa5+ 28. Kc1 Qxa2 29. h7 Qa1+ 30. Bb1 a5 31. h8=Q Rxh8 32. Qxh8 a4 33. g7 a3 34. g8=Q+ Rf7 35. Rg6+ Ke7 36.
Qxf7+ Kxf7 37. Qg7+ Ke8 38. Rh8# 1-0

[Event "*** Titled Tuesday Blitz"]
[Site "Chess.com"]
[Date "2020.04.07"]
[Round "2"]
[White "dachessmandan"]
[Black "ADODOVE"]
[Result "1-0"]
[WhiteElo "2388"]
[BlackElo "1781"]
[TimeControl "180+1"]
[EndTime "13:17:14 PDT"]
[Termination "dachessmandan won by resignation"]

1. e4 c5 2. Nf3 d6 3. d4 cxd4 4.
Nxd4 Nf6 5. Nc3 g6 6. Bc4 Bg7 7. Bb3 O-O 8. f3 Nc6 9. Be3 Bd7 10. Qd2 Na5 11. O-O-O Rb8 12. Kb1 b5 13. g4 Nc4 14.
Bxc4 bxc4 15. Ka1 Qb6 16. Rb1 Qa6 17. Bh6 Bxh6 18. Qxh6 Rb6 19. h4 Rfb8 20. h5 e5 21. Nf5 Bxf5 22. gxf5 Qa5 23. hxg6 fxg6 24. fxg6 R6b7 25. gxh7+ Nxh7 26. Rbg1+ Kh8 27. Qf6+ 1-0

[Event "*** Titled Tuesday Blitz"]
[Site "Chess.com"]
[Date "2020.04.07"]
[Round "2"]
[White "Chessdemon2019"]
[Black "bsnsun"]
[Result "1-0"]
[WhiteElo "2270"]
[BlackElo "2462"]
[TimeControl "180+1"]
[EndTime "13:17:16 PDT"]
[Termination "Chessdemon2019 won by resignation"]

1. e4 c5 2. Nf3 Nc6 3. Bb5 d6 4. Bxc6+ bxc6 5. O-O e5 6. c3 Nf6 7. Re1 Be7 8. h3 O-O 9. d4 cxd4 10. cxd4 exd4 11. Nxd4 Qc7 12. Qc2 c5 13. Nb5 Qc6 14.
N1c3 Bb7 15. Bg5 h6 16. Bh4 Rfe8 17. Rad1 Rad8 18. a4 a6 19. Na3 Nxe4 20. Rxe4 Bxh4 21. Rxe8+ Rxe8 22. Nd5 Re5 23. Ne3 Bg5 24. Nac4 Re6 25. Nd5 Rg6 26. f4 Bh4 27. f5 Rg5 28. Ne7+ Kh8 29.
Nxc6 Bxc6 30. g4 h5 31. Nxd6 Kg8 32. Qc4 hxg4 33. Nxf7 Kh7 34. Nxg5+ 1-0

[Event "*** Titled Tuesday Blitz"]
[Site "Chess.com"]
[Date "2020.04.07"]
[Round "2"]
[White "plumalka"]
[Black "Sn00pPawn"]
[Result "1-0"]
[WhiteElo "2391"]
[BlackElo "1846"]
[TimeControl "180+1"]
[EndTime "13:17:19 PDT"]
[Termination "plumalka won by resignation"]

1. e4 c5 2. Nf3 d6 3. d4 cxd4 4. Nxd4 Nf6 5. Nc3 a6 6. Nb3 e5 7. Bg5 Be6 8. Qd2 Nbd7 9. O-O-O Be7 10. f4 exf4 11. Bd3 Ne5 12. Bxf4 O-O 13. Nd4 Rc8 14. Kb1 Nc4 15. Bxc4 Bxc4 16. Nf5 b5 17. Nxe7+ Qxe7 18. Bxd6 Qb7 19. Bxf8 Rxf8 20. e5 Ng4 21. Rhe1 b4 22. Nd5 a5 23. Qd4 Bxd5 24. Qxd5 Qc7 25. Qd7 Qc8 26. Qxc8 Rxc8 27. h3 Nh6 28. e6 fxe6 29.
Rxe6 Nf7 30. Rd7 Ng5 31. Ree7 1-0

[Event "*** Titled Tuesday Blitz"]
[Site "Chess.com"]
[Date "2020.04.07"]
[Round "2"]
[White "TheCavemanChesss"]
[Black "OparinGrigoriy"]
[Result "0-1"]
[WhiteElo "2603"]
[BlackElo "2982"]
[TimeControl "180+1"]
[EndTime "13:17:20 PDT"]
[Termination "OparinGrigoriy won by resignation"]

1. e4 e5 2. Nf3 Nc6 3. Bb5 a6 4. Ba4 Nf6 5. O-O Nxe4 6. d4 b5 7. Bb3 d5 8. dxe5 Be6 9. Nbd2 Be7 10. Qe2 Nc5 11. Rd1 O-O 12. Nf1 Qd7 13. c3 Nxb3 14. axb3 Rfd8 15. Ne3 d4 16. Nxd4 Nxd4 17. Rxd4 Qc6 18.
Rxd8+ Rxd8 19. b4 Bg5 20. Nc2 Bc4 21. Qe1 Be7 22. Nd4 Qg6 23. Bf4 h5 24. e6 fxe6 25. Rxa6 Bxb4 26. Bxc7 Rxd4 27. cxb4 Bd5 28. g3 Qg4 29.
Ra8+ Bxa8 0-1

[Event "*** Titled Tuesday Blitz"]
[Site "Chess.com"]
[Date "2020.04.07"]
[Round "2"]
[White "KuzubovYuriy"]
[Black "Zq1"]
[Result "1-0"]
[WhiteElo "2814"]
[BlackElo "2538"]
[TimeControl "180+1"]
[EndTime "13:17:23 PDT"]
[Termination "KuzubovYuriy won by resignation"]

1. d4 d5 2. c4 e6 3. Nc3 Be7 4.
cxd5 exd5 5. Bf4 Nf6 6. e3 O-O 7. Bd3 c5 8. dxc5 Bxc5 9. Nge2 Nc6 10. O-O d4 11. Na4 Bd6 12. Bxd6 Qxd6 13. exd4 Bg4 14.
Nac3 Nxd4 15. Bxh7+ Kxh7 16. Qxd4 Qxd4 17. Nxd4 Rfd8 18.
Nb3 Nd5 19. f3 Nxc3 20. fxg4 Ne2+ 21. Kh1 f6 22. Rae1 Nd4 23. Nxd4 Rxd4 24. Re7 b6 25. h3 Rd2 26. Rxf6 Rxb2 27. Rff7 Rxa2 28. Rxg7+ Kh8 29. h4 a5 30. h5 Re2 31. Rh7+ Kg8 32. Reg7+ Kf8 33.
h6 1-0

[Event "*** Titled Tuesday Blitz"]
[Site "Chess.com"]
[Date "2020.04.07"]
[Round "2"]
[White "DejanNestor64"]
[Black "ahkashefi2800"]
[Result "0-1"]
[WhiteElo "2431"]
[BlackElo "2197"]
[TimeControl "180+1"]
[EndTime "13:17:25 PDT"]
[Termination "ahkashefi2800 won by resignation"]

1. d4 d5 2. c4 c6 3. Nf3 Nf6 4. Nc3 dxc4 5. a4 Bf5 6. e3 e6 7. Bxc4 Bb4 8. O-O O-O 9. Nh4 Bg4 10. f3 Bh5 11. g4 Bg6 12. Qe1 Nbd7 13. Nxg6 hxg6 14.
Bd2 a5 15. Qe2 e5 16. dxe5 Nxe5 17. Rad1 Nxc4 18. Qxc4 Qb6 19. Kg2 Rad8 20. Bc1 Bxc3 21. bxc3 Qb1 22. Qe2 Qb3 23. Rd3 Rxd3 24. Qxd3 Qxa4 25.
Rd1 b5 26. e4 Re8 27. Be3 Qb3 28.
Rb1 Qa2+ 29. Kg3 a4 30. Bc5 Qe6 31. Rd1 Qe5+ 0-1

[Event "*** Titled Tuesday Blitz"]
[Site "Chess.com"]
[Date "2020.04.07"]
[Round "2"]
[White "Alvarov79"]
[Black "chessintuit"]
[Result "0-1"]
[WhiteElo "2312"]
[BlackElo "2604"]
[TimeControl "180+1"]
[EndTime "13:17:26 PDT"]
[Termination "chessintuit won by resignation"]

1. d4 d5 2. c4 c6 3. Nf3 Nf6 4. Qc2 dxc4 5. e4 b5 6. b3 cxb3 7. axb3 e6 8. Bd3 Bb7 9. O-O Nbd7 10.
Rd1 a6 11. Qe2 Qb6 12. Nc3 c5 13. d5 Be7 14. dxe6 Qxe6 15. Bb2 O-O 16. Ng5 Qg4 17. Nf3 h6 18. h3 Qe6 19. Nh4 Ne5 20. Nd5 Nxd3 21.
Nxe7+ Qxe7 22. Rxd3 Qxe4 23. Qxe4 Bxe4 24. Rd6 a5 25.
Re1 Rfe8 26. Bxf6 gxf6 27. Rxf6 a4 28. bxa4 bxa4 29. Nf5 Bxf5 30. Rxf5 Rxe1+ 0-1

[Event "*** Titled Tuesday Blitz"]
[Site "Chess.com"]
[Date "2020.04.07"]
[Round "2"]
[White "picturesquecheck"]
[Black "Malev212"]
[Result "0-1"]
[WhiteElo "2141"]
[BlackElo "2637"]
[TimeControl "180+1"]
[EndTime "13:17:27 PDT"]
[Termination "Malev212 won by resignation"]

1. e4 e5 2. Nf3 Nc6 3. Bc4 Nf6 4. d3 h6 5. O-O d6 6. c3 g6 7. Re1 Bg7 8. h3 O-O 9. d4 Re8 10. Nbd2 exd4 11. cxd4 d5 12. exd5 Rxe1+ 13. Qxe1 Nb4 14. Qd1 Bf5 15. Bb3 Nbxd5 16. Nf1 c6 17. Ng3 Be6 18.
Ne5 Nc7 19. Be3 Nfd5 20. Bd2 Nb5 21. Ne2 c5 22. Nf3 Nxd4 23. Nexd4 cxd4 24. Rc1 d3 25. Ne1 Bxb2 26. Rb1 Bg7 27. Nxd3 Bf5 28. Nb4 Nxb4 29. Bxb4 Bxb1 30. Qxb1 Qf6 31. Bc5 Qa1 32. Qxa1 Bxa1 0-1

[Event "*** Titled Tuesday Blitz"]
[Site "Chess.com"]
[Date "2020.04.07"]
[Round "2"]
[White "VladDobrov"]
[Black "Neimar24"]
[Result "1-0"]
[WhiteElo "2866"]
[BlackElo "2568"]
[TimeControl "180+1"]
[EndTime "13:17:29 PDT"]
[Termination "VladDobrov won by resignation"]

1. d4 Nf6 2. c4 g6 3. Nc3 d5 4. cxd5 Nxd5 5. e4 Nxc3 6. bxc3 Bg7 7. Nf3 c5 8. Rb1 O-O 9. Be2 b6 10. O-O cxd4 11. cxd4 Ba6 12. Bxa6 Nxa6 13. Qa4 Nc7 14. Bf4 Ne6 15. Be3 Qe8 16. Qa3 Qd7 17. d5 Nd8 18. Bxb6 Nb7 19. Bd4 Nd6 20. Bxg7 Kxg7 21. Ne5 Qc7 22.
Rfc1 Qd8 23. Nc6 Qd7 24. Ne5 Qd8 25. Qe3 f5 26. Nc6 Qd7 27. e5 Ne4 28. f3 Qxd5 29. fxe4 fxe4 30. Nxe7 Qxe5 31. Nc6 Qf5 32. Rf1 Qe6 33.
Rb7+ Kh8 34. Qc3+ 1-0

[Event "*** Titled Tuesday Blitz"]
[Site "Chess.com"]
[Date "2020.04.07"]
[Round "2"]
[White "theprosecution1"]
[Black "Sawyer2908"]
[Result "1-0"]
[WhiteElo "2804"]
[BlackElo "2530"]
[TimeControl "180+1"]
[EndTime "13:17:30 PDT"]
[Termination "theprosecution1 won by resignation"]

1. e4 c6 2. Nc3 d5 3. Nf3 dxe4 4. Nxe4 Bg4 5. h3 Bxf3 6. Qxf3 e6 7. c3 Nd7 8. d4 Ngf6 9. Bd3 Be7 10. O-O O-O 11.
Re1 Nxe4 12. Qxe4 Nf6 13. Qh4 g6 14. Bh6 Re8 15. Rad1 Nh5 16. Qg4 Nf6 17. Qf3 Qd5 18. Qe2 Bf8 19. Bc4 Qd7 20. Bg5 Bg7 21. Qf3 Nd5 22.
h4 h5 23. g4 hxg4 24. Qxg4 Nf6 25. Qf3 Nh5 26. Kg2 Qc7 27. Re4 e5 28. dxe5 Rxe5 29.
Rxe5 Bxe5 30. Qg4 Rf8 31. Rd7 Qc8 32. Be7 Kh7 33. Bxf8 1-0

[Event "*** Titled Tuesday Blitz"]
[Site "Chess.com"]
[Date "2020.04.07"]
[Round "2"]
[White "zmeeed67"]
[Black "amintabatabaei"]
[Result "0-1"]
[WhiteElo "2363"]
[BlackElo "2804"]
[TimeControl "180+1"]
[EndTime "13:17:30 PDT"]
[Termination "amintabatabaei won on time"]

1. d4 Nf6 2. c4 g6 3. Nc3 Bg7 4.
Nf3 O-O 5. Bg5 d6 6. e3 c5 7. Be2 cxd4 8. exd4 b6 9. O-O Bb7 10. d5 Nbd7 11. Rc1 Rc8 12. h3 h6 13. Bh4 Nc5 14.
Re1 Re8 15. Nd4 Qd7 16. Bf3 a5 17. Nc6 e5 18. dxe6 fxe6 19. Nd4 Bxf3 20. Qxf3 Rf8 21. Qe3 Rce8 22. Rcd1 Nh5 23. Ndb5 d5 24. g4 Nf4 25. Bg3 Nxh3+ 26. Kg2 Ng5 27. Nc7 Rf3 28. Qc1 Rxg3+ 29. fxg3 Qxc7 30. cxd5 Rf8 31. Qc2 exd5 32. Nxd5 Qc6 33.
Kh2 Nf3+ 34. Kh3 Kh7 35. Ne7 Ng5+ 36. Kh2 Qf6 37. Rf1 Qxe7 38. Rxf8 Qxf8 0-1

[Event "*** Titled Tuesday Blitz"]
[Site "Chess.com"]
[Date "2020.04.07"]
[Round "2"]
[White "Alonmindlin"]
[Black "Unknown_IM"]
[Result "1-0"]
[WhiteElo "2670"]
[BlackElo "2290"]
[TimeControl "180+1"]
[EndTime "13:17:32 PDT"]
[Termination "Alonmindlin won by resignation"]

1. d4 d5 2. c4 c6 3. cxd5 cxd5 4. Bg5 f6 5. Bd2 Nc6 6. Nc3 Bf5 7. e4 dxe4 8. d5 Ne5 9. Bb5+ Nd7 10. Nge2 a6 11. Nd4 axb5 12. Nxf5 Ne5 13. O-O b4 14. Nxe4 Qxd5 15.
Qe2 e6 16. Nfg3 Ne7 17. Bxb4 N7c6 18. Bxf8 Kxf8 19. Rfd1 Qc4 20. Qd2 h5 21. Qd6+ Kf7 22. Qd2 h4 23. Nd6+ Kg6 24. Nxc4 Nxc4 25. Qd3+ f5 26.
Qxc4 hxg3 27. Qxe6+ 1-0

[Event "*** Titled Tuesday Blitz"]
[Site "Chess.com"]
[Date "2020.04.07"]
[Round "2"]
[White "StarkAst"]
[Black "Azerichess"]
[Result "0-1"]
[WhiteElo "2604"]
[BlackElo "3003"]
[TimeControl "180+1"]
[EndTime "13:17:34 PDT"]
[Termination "Azerichess won by resignation"]

1. e4 c6 2. d4 d5 3. e5 Bf5 4. Nf3 e6 5. Be2 Ne7 6. O-O c5 7. Be3 cxd4 8. Nxd4 Nbc6 9. f4 Nxd4 10. Qxd4 Nc6 11.
Bb5 Be7 12. Nd2 O-O 13. Bxc6 bxc6 14. Nb3 a5 15. c3 Qb8 16. Rf2 a4 17. Nc5 Qb5 18. Re1 Ra5 19. b4 axb3 20. Nxb3 c5 21. Qd2 Ra4 22. h3 h5 23. Qe2 Qxe2 24. Rexe2 Rc8 25.
Rb2 h4 26. Nc1 d4 27. Bd2 c4 28. cxd4 c3 29. Bxc3 Rxc3 30. Nb3 Be4 31. Rfd2 Bd5 32.
Kf2 g5 33. fxg5 Bxg5 34. Rdc2 Be3+ 35. Ke2 Rxc2+ 36. Rxc2 Bxd4 0-1

[Event "*** Titled Tuesday Blitz"]
[Site "Chess.com"]
[Date "2020.04.07"]
[Round "2"]
[White "kleinebeer98"]
[Black "sorrm8thatscheckm8"]
[Result "1-0"]
[WhiteElo "2716"]
[BlackElo "2418"]
[TimeControl "180+1"]
[EndTime "13:17:34 PDT"]
[Termination "kleinebeer98 won by resignation"]

1. e4 c5 2. Nf3 Nc6 3. Nc3 g6 4. d4 cxd4 5. Nxd4 Bg7 6. Nf3 d6 7. h3 Nf6 8. Bc4 O-O 9. O-O e6 10. Bg5 a6 11. Qe2 h6 12. Bh4 Qe7 13. Rad1 b5 14. Bb3 Bb7 15. Qe3 Ne5 16. Nd4 Nc4 17. Bxc4 bxc4 18. f4 e5 19. fxe5 dxe5 20. Nde2 g5 21.
Bf2 Nh5 22. Nd5 Bxd5 23. Rxd5 Nf4 24. Nxf4 exf4 25. Qe2 Rfe8 26. Re1 Bxb2 27. Qxc4 Rac8 28. Qxa6 Rxc2 29. Qxh6 Bg7 30. Rxg5 f6 31. Rg4 Kf8 32. Qxf4 Rxa2 33. e5 Ra6 34. exf6 Qxf6 35. Bc5+ Kg8 36. Rxe8+ 1-0

[Event "*** Titled Tuesday Blitz"]
[Site "Chess.com"]
[Date "2020.04.07"]
[Round "2"]
[White "mjray79"]
[Black "Hanging_pointer"]
[Result "0-1"]
[WhiteElo "2255"]
[BlackElo "2489"]
[TimeControl "180+1"]
[EndTime "13:17:34 PDT"]
[Termination "Hanging_pointer won by checkmate"]

1. d4 Nf6 2. c4 e6 3. g3 d5 4. Bg2 Be7 5. Nf3 O-O 6. O-O dxc4 7.
Qc2 b5 8. Ng5 c6 9. a4 b4 10.
Qxc4 a5 11. Nf3 Ba6 12. Qc2 Nbd7 13. Nbd2 Bxe2 14. Re1 Ba6 15. Qxc6 Ra7 16. Nb3 Bb7 17. Qc2 Qa8 18. Qe2 Rc8 19. Bf4 Bd5 20. Nbd2 Ra6 21. Rac1 Rac6 22. Rxc6 Rxc6 23. Ne5 Bxg2 24. Kxg2 Nxe5 25.
dxe5 Rc2+ 26. Kg1 Nd5 27. Qe4 Rxb2 28. Rc1 h6 29. Nc4 Ra2 30. Nd6 b3 31. Rb1 b2 32.
Qc4 Ra1 33. Qc2 Nc3 34. Qxc3 Rxb1+ 35. Bc1 bxc1=Q+ 36. Qxc1 Rxc1# 0-1

[Event "*** Titled Tuesday Blitz"]
[Site "Chess.com"]
[Date "2020.04.07"]
[Round "2"]
[White "Korona_91"]
[Black "HrvojeZagreb"]
[Result "1-0"]
[WhiteElo "2418"]
[BlackElo "2114"]
[TimeControl "180+1"]
[EndTime "13:17:35 PDT"]
[Termination "Korona_91 won by resignation"]

1. e4 e6 2. Qe2 c5 3. g3 Nc6 4. c3 e5 5. Bg2 g6 6. d3 Bg7 7. f4 d6 8. Nf3 Nge7 9. O-O O-O 10. f5 gxf5 11. Nh4 fxe4 12. dxe4 f5 13. Bg5 Qe8 14.
Nd2 f4 15. gxf4 Ng6 16. f5 Nxh4 17. Bxh4 Bf6 18. Bxf6 Rxf6 19. Rad1 Kh8 20. Nc4 Qe7 21.
Ne3 Rh6 22. Ng4 Rh4 23. h3 Bd7 24. f6 Bxg4 25. hxg4 Qe6 26. Qf2 Rxg4 27. Qf5 Qxf5 28.
Rxf5 Rag8 29. Rd2 Nd8 30. f7 Rf8 31. Rxd6 Rg7 32. Rxd8 1-0